 Dungeon Crawl Stone Soup version 0.27.0-1-g7a089689b8 (console) character file.

Game seed: 17227533832990111334

193 Banquo the Chopper (level 5, -3/45 HPs)
             Began as a Hill Orc Fighter on Aug 9, 2021.
             Killed from afar by Pikel (14 damage)
             ... with a bolt of acid
             ... on level 4 of the Dungeon.
             The game lasted 00:05:21 (3219 turns).

Banquo the Chopper (Hill Orc Fighter)               Turns: 3219, Time: 00:05:22

Health: -3/45      AC:  9    Str: 20    XL:     5   Next: 72%
Magic:  5/5        EV:  7    Int:  8    God:
Gold:   112        SH:  9    Dex: 10    Spells: 4/4 levels left

rFire    . . .     SeeInvis .   a - +0 war axe
rCold    . . .     Faith    .   c - +0 kite shield
rNeg     . . .     Spirit   .   b - +0 scale mail
rPois    .         Reflect  .   (no helmet)
rElec    .         Harm     .   (no cloak)
rCorr    .         Rampage  .   (no gloves)
Will     .....                  p - +1 pair of boots
Stlth    ..........             (no amulet)
HPRegen  0.15/turn              (no ring)
MPRegen  0.09/turn              (no ring)

@: mighty
A: no striking features
a: no special abilities


You were on level 4 of the Dungeon.
You visited 1 branch of the dungeon, and saw 4 of its levels.

You collected 112 gold pieces.

Inventory:

Hand Weapons
 a - a +0 war axe (weapon)
Missiles
 g - 46 stones (quivered)
 o - 7 boomerangs
Armour
 b - a +0 scale mail (worn)
 c - a +0 kite shield (worn)
 p - a +1 pair of boots (worn)
 q - a +0 chain mail
Magical Staves
 e - a staff of air
Jewellery
 m - a +6 ring of intelligence
Scrolls
 f - 2 scrolls of identify {unknown}
 i - a scroll of blinking {unknown}
 j - a scroll of amnesia {unknown}
 l - a scroll of enchant weapon {unknown}
 n - 2 scrolls of magic mapping {unknown}
 r - a scroll of fog {unknown}
 v - a scroll of noise {unknown}
Potions
 d - a potion of might
 k - a potion of curing
 s - a potion of haste {unknown}
 t - a potion of invisibility {unknown}
 u - a potion of degeneration {unknown}
 w - a potion of cancellation


   Skills:
 - Level 3.6 Fighting
 + Level 7.6 Axes
 - Level 3.2 Armour
 - Level 3.2 Shields


You had 4 spell levels left.
You didn't know any spells.
Your spell library contained the following spells:

 Spells                   Type           Power      Damage    Failure   Level
 Slow                     Hex            0%         N/A       100%        2
 Confusing Touch          Hex            0%         N/A       100%        3
 Vampiric Draining        Necr           0%         2d6       100%        3


Dungeon Overview and Level Annotations

Branches:
Dungeon (4/15)
 Temple: D:4-7

Altars:
Fedhas
Makhleb

Shops:
D:3 (

Annotations:
D:4 Pikel


Message History

Pikel hits you with a +2 whip of flaming.
* * * LOW HITPOINT WARNING * * *
Pikel burns you.
* * * LOW HITPOINT WARNING * * *
Unknown command.
It was a potion of heal wounds.
You feel much better. You block the jackal's attack.
You block the lemure's attack. Pikel hits you but does no damage.
Okay, then.
Unknown command.
You feel very mighty all of a sudden.
The jackal bites you but does no damage.
You block the lemure's attack. You block the jackal's attack.
Pikel hits you with a +2 whip of flaming.
Pikel burns you.
You closely miss Pikel.
Pikel is lightly wounded.
You hit the lemure. You slash the jackal!
You kill the jackal!
The lemure barely misses you.
Pikel hits you with a +2 whip of flaming.
* * * LOW HITPOINT WARNING * * *
Pikel burns you.
* * * LOW HITPOINT WARNING * * *
The jackal bites you but does no damage.
You block the lemure's attack.
You closely miss Pikel.
Pikel is lightly wounded.
You closely miss the jackal. You slash the lemure!
You kill the lemure!
That felt strangely unrewarding.
The jackal bites you but does no damage.
You block Pikel's attack.
The jackal bites you but does no damage.
You closely miss Pikel.
Pikel is lightly wounded.
You hit the jackal.
You kill the jackal!
You block Pikel's attack.
Pikel zaps a wand.
The bolt of acid hits you!
You die...

##....5 ......... ##.B....#
...J..h.+ #...... ......
##..###### #############
#<..S5K@†# #............
#.###..###5###.##########.
#.........5.##.#........#.
#........##.#.##.#.######.#.
#######.#...#.#<...# #.#.
#.##.##.##.########.#.
#.##.##.##.....)....#.
#.....#.#############.
#.....#...............


You could see Pikel, 3 lemures and a ball python.

Vanquished Creatures
  A lemure (D:4)
  A howler monkey (D:3)
  A bullfrog skeleton (D:4)
  3 gnolls (D:3)
  3 adders
  2 worms
  4 dart slugs
  5 orcs
  4 ball pythons
  3 endoplasms
  3 giant cockroaches
  4 goblins
  2 hobgoblins
  5 jackals
  4 quokkas
  2 bats
  A frilled lizard (D:2)
  4 kobolds
  8 rats
60 creatures vanquished.

Vanquished Creatures (others)
  A jackal (D:4)
1 creature vanquished.

Grand Total: 61 creatures vanquished

Notes
Turn   | Place    | Note
-------+----------+-------------------------------------------
     0 | D:1      | Banquo the Hill Orc Fighter began the quest for the Orb.
     0 | D:1      | Reached XP level 1. HP: 19/19 MP: 1/1
    23 | D:1      | Reached skill level 3 in Axes
   194 | D:1      | Reached XP level 2. HP: 26/26 MP: 2/2
   375 | D:1      | Reached skill level 4 in Axes
   680 | D:1      | Reached XP level 3. HP: 31/31 MP: 3/3
  1591 | D:2      | Reached skill level 5 in Axes
  1672 | D:2      | Found a blossoming altar of Fedhas.
  2194 | D:3      | Found Iqul's Antique Weapon Emporium.
  2202 | D:3      | Reached XP level 4. HP: 39/39 MP: 4/4
  2297 | D:3      | Reached skill level 6 in Axes
  2380 | D:3      | Reached XP level 5. HP: 41/45 MP: 5/5
  2606 | D:3      | Reached skill level 7 in Axes
  2978 | D:3      | Found a burning altar of Makhleb.
  3195 | D:4      | Noticed a lemure
  3196 | D:4      | Noticed a lemure
  3197 | D:4      | Noticed a lemure
  3197 | D:4      | Noticed Pikel
  3199 | D:4      | Noticed a lemure
  3212 | D:4      | HP: 1/45 [lemure[Pikel] (2)]
  3218 | D:4      | Killed a lemure
  3219 | D:4      | Killed from afar by Pikel

Illustrated notes

Levels and vault maps discovered:
D:1:      lightli_arrival_statuegarden, layout_loops_ring, glass_columns_a,
          grunt_decor_junction
D:2:      layout_loops_corners, basic_altar, minmay_pentomino_q2
D:3:      layout_loops_corners, overflow_temple_1_default, serial_shops, shop
D:4:      gammafunk_wand_slinger, layout_basic, cheibrodos_sewer_entry_drain,
          uniq_pikel, uniq_blork_the_orc

Skill      XL: |  1  2  3  4  5 |
---------------+----------------+-----
Axes           | 3 4 5 6 7 |  7.6
Fighting       | |  3.6
Armour         | |  3.2
Shields        | |  3.2

Action                   |  1- 3 |  4- 6 || total
-------------------------+-------+-------++-------
Melee: War axe           |   126 |    73 ||   199
  Use: Potion            |       |     4 ||     4
Armor: Scale mail        |    63 |    31 ||    94
Dodge: Dodged            |    38 |    16 ||    54
Block: Kite shield       |    64 |    51 ||   115
